 Dungeon Sprint DCSS version 0.19.5 (webtiles) character file.

427 dwjmeijer the Covert (level 6, -5/28 HPs)
             Began as a Spriggan Enchanter on Apr 25, 2017.
             Was an Initiate of Nemelex Xobeh.
             Slain by a slime creature (18 damage)
             ... in the Dungeon (Sprint I: "Red Sonja").
             The game lasted 00:02:44 (368 turns).

dwjmeijer the Covert (Spriggan Enchanter)            Turns: 368, Time: 00:02:45

Health: -5/28      AC:  3    Str:  4    XL:     6   Next: 65%
Magic:  16/20      EV: 18    Int: 17    God:    Nemelex Xobeh [......]
Gold:   307        SH:  0    Dex: 18    Spells: 4 memorised, 16 levels left

rFire  . . .     SeeInvis +     k - +1 dagger (pain)
rCold  . . .     Gourm    .     b - +1 robe
rNeg   . . .     Faith    .     (shield restricted)
rPois  .         Spirit   .     (helmet restricted)
rElec  .         Reflect  .     (no cloak)
rCorr  .         Harm     .     (gloves unavailable)
MR     +....     NoTele   +     (boots unavailable)
Stlth  ++++++....               (no amulet)
                                (no ring)
                                (no ring)

@: very quick
A: unfitting armour, see invisible, herbivore 3, speed 3, slow metabolism 2
a: Renounce Religion


You were in the Dungeon.
You worshipped Nemelex Xobeh.
Nemelex Xobeh was noncommittal.
You were not hungry.

You visited 1 branch You collected 307 gold pieces.

Inventory:

Hand Weapons
 a - a +1 dagger
 k - a +1 dagger of pain (weapon)
Armour
 b - a +1 robe (worn)
Scrolls
 j - a scroll of blinking
Potions
 e - a potion of curing
 f - a potion of heal wounds
 g - a potion of haste
 h - 2 potions of magic
 i - a potion of berserk rage
Books
 c - a book of Maledictions

   Spells                             Type                      Level
   a - Corona                         Hexes                        1
   b - Ensorcelled Hibernation        Hexes/Ice                    2
   c - Confuse                        Hexes                        3
   d - Tukima's Dance                 Hexes                        3
   e - Dazzling Spray                 Conjuration/Hexes            3
Miscellaneous
 l - a plain deck of summoning
Comestibles
 d - a bread ration


   Skills:
 - Level 1.1 Short Blades
 - Level 3.0 Dodging
 + Level 13.1 Stealth
 - Level 10.2 Spellcasting
 * Level 10.5 Hexes


You had 16 spell levels left.
You knew the following spells:

 Your Spells              Type           Power        Failure   Level  Hunger
a - Corona                Hex            #####..      1%          1    None
b - Ensorcelled Hibernat  Hex/Ice        ####..       1%          2    None
c - Confuse               Hex            #####...     1%          3    None
d - Dazzling Spray        Conj/Hex       ####..       3%          3    None


Dungeon Overview and Level Annotations

Branches:
Dungeon (1/1)

Altars:
Cheibriados
Dithmenos
Elyvilon
Fedhas
Gozag
Hepliaklqana
Kikubaaqudgha
Makhleb
Nemelex Xobeh
Okawaru
Qazlal
Ru
Sif Muna
Trog
Uskayaw
Vehumet
Xom
Yredelemnul
Zin
The Shining One
Jiyva
Lugonu

Shops:
D *


Innate Abilities, Weirdness & Mutations

You are very small and have problems with some larger weapons.
You are too small for most types of armour.
You have supernaturally acute eyesight. (SInv)
You are a herbivore.
You cover ground extremely quickly.
You need consume almost no food.


Message History

Found four altars.
l - a plain deck of summoning The slime creature quivers.
There is an open door here.
Casting: Ensorcelled Hibernation
Confirm with . or Enter, or press ? or * to list all spells.
Aiming: Ensorcelled Hibernation
Press: ? - help, Shift-Dir - straight line, f - slime creature
Aim: a slime creature (chance to defeat MR: 37%)
The slime creature easily resists.
The slime creature hits you!
Ouch! That really hurt!
Casting: Ensorcelled Hibernation
Confirm with . or Enter, or press ? or * to list all spells.
Aiming: Ensorcelled Hibernation
Press: ? - help, Shift-Dir - straight line, f/p - slime creature
Aim: a slime creature (chance to defeat MR: 37%)
The slime creature easily resists.
The slime creature hits you!!
Ouch! That really hurt!
You die...
Your body disappears without a glow.

###################
#<.#..').#.)'..#__#
#..'..#..'..#..@J.+
#..#####'#####'#__#
#..####..#...#.####
#..#__####..##)#
#..#_____##'#..+
#⌠⌠#_.∩...'..._#
####_..__##_.#+#
#_____###+# #######


You could see a slime creature.

Vanquished Creatures
  Sigmund (D)
  A yak (D)
  An ogre (D)
  A jelly (D)
  Ijyb (D)
5 creatures vanquished.

Notes
Turn   | Place    | Note
-------+----------+-------------------------------------------
     0 | D        | dwjmeijer the Spriggan Enchanter began the quest for the Orb.
     0 | D        | Reached XP level 1. HP: 9/9 MP: 5/5
     2 | D        | Noticed Ijyb
     9 | D        | Killed Ijyb
     9 | D        | Reached skill level 6 in Stealth
     9 | D        | Reached skill level 5 in Hexes
     9 | D        | Reached XP level 2. HP: 7/13 MP: 5/8
   148 | D        | Noticed an ogre
   153 | D        | Learned a level 2 spell: Ensorcelled Hibernation
   157 | D        | Killed an ogre
   157 | D        | Reached skill level 9 in Stealth
   157 | D        | Reached XP level 3. HP: 16/16 MP: 0/12
   157 | D        | Reached XP level 4. HP: 21/21 MP: 0/13
   173 | D        | Learned a level 3 spell: Confuse
   177 | D        | Learned a level 3 spell: Dazzling Spray
   258 | D        | Noticed Sigmund
   260 | D        | Killed Sigmund
   260 | D        | Reached skill level 11 in Stealth
   260 | D        | Reached XP level 5. HP: 24/24 MP: 14/17
   272 | D        | Found a deep blue altar of Sif Muna.
   274 | D        | Found a radiant altar of Vehumet.
   282 | D        | Reached XP level 6. HP: 28/28 MP: 8/19
   291 | D        | Found Wighaemp's General Store.
   291 | D        | Found an ancient bone altar of Kikubaaqudgha.
   291 | D        | Found a hazy altar of Hepliaklqana.
   291 | D        | Found a stormy altar of Qazlal.
   291 | D        | Found a hide-covered altar of Uskayaw.
   291 | D        | Found a blossoming altar of Fedhas.
   291 | D        | Found a bloodstained altar of Trog.
   291 | D        | Found an iron altar of Okawaru.
   291 | D        | Found a basalt altar of Yredelemnul.
   291 | D        | Found a glowing golden altar of the Shining One.
   291 | D        | Found a snail-covered altar of Cheibriados.
   291 | D        | Found a sacrificial altar of Ru.
   291 | D        | Found a glowing silver altar of Zin.
   291 | D        | Found a shadowy altar of Dithmenos.
   291 | D        | Found a white marble altar of Elyvilon.
   291 | D        | Noticed a yak
   292 | D        | Found an opulent altar of Gozag.
   293 | D        | Killed a yak
   293 | D        | Reached skill level 13 in Stealth
   293 | D        | Reached skill level 10 in Spellcasting
   293 | D        | Reached skill level 10 in Hexes
   294 | D        | Found a sparkling altar of Nemelex Xobeh.
   297 | D        | Became a worshipper of Nemelex Xobeh the Trickster
   364 | D        | Found a burning altar of Makhleb.
   364 | D        | Found a viscous altar of Jiyva.
   364 | D        | Found a shimmering altar of Xom.
   364 | D        | Found a corrupted altar of Lugonu.
   364 | D        | Received a gift from Nemelex Xobeh
   364 | D        | Noticed a slime creature
   368 | D        | Slain by a slime creature

Skill      XL: |  1  2  3  4  5  6 |
---------------+-------------------+-----
Stealth        | 6 9 11 13 | 13.1
Spellcasting   | 4 6 8 9 10 | 10.2
Hexes          | 5 7 9 10 | 10.5
Short Blades   | |  1.1
Dodging        | |  3.0

Action                   |  1- 3 |  4- 6 || total
-------------------------+-------+-------++-------
Melee: Dagger            |     7 |     3 ||    10
 Cast: Ensorcelled Hiber |     3 |     6 ||     9
 Stab: Sleeping          |     2 |     3 ||     5
Armor: Robe              |     3 |     1 ||     4
Dodge: Dodged            |     6 |     2 ||     8
